Oilers vs Flames

Created - April 12 2007 at 19:20

Goals
1 2 3 T
Oilers 0 2 1 3
Flames 0 0 5 5
Shots
1 2 3 T
Oilers 9 19 9 37
Flames 9 4 16 29

Period #1

No Goal

Penalities :
Daniel Alfredsson (EDM) for Elbowing (Minor) at 0:11, Robyn Regehr (CGY) for Checking from behind (Major) at 0:54, Andrew Ference (CGY) for Interference (Minor) at 1:42, Andrew Ference (CGY) for Delaying the game (Minor) at 6:45, Keith Tkachuk (EDM) for Cross-checking (Minor) at 8:36, Steve Staios (EDM) for Clipping (Minor) at 9:16, Steve Staios (EDM) for Hooking (Minor) at 19:53

Period #2

1. Oilers , Mike Sillinger 1 (Steve Staios, Dick Tarnstrom) at 15:26
2. Oilers , Ethan Moreau 1 (Marty Reasoner, Brendan Witt) at 17:35

Penalities :
Brian Willsie (CGY) for Tripping (Minor) at 2:39, Bill Guerin (CGY) for Holding (Minor) at 5:01, Joe Nieuwendyk (CGY) for Interference (Minor) at 8:30, Dion Phaneuf (CGY) for Delaying the game (Minor) at 10:21, Ethan Moreau (EDM) for Interference (Minor) at 12:51, Bill Guerin (CGY) for High sticking (Minor) at 18:35

Period #3

3. Flames , Daymond Langkow 3 (Roman Hamrlik, Craig Conroy) at 9:22
4. Oilers , Ales Hemsky 1 (Jason Smith, Ryan Smyth) at 10:07
5. Flames , Bill Guerin 1 (Tony Amonte, Roman Hamrlik) at 11:06 (PP)
6. Flames , Roman Hamrlik 1 (Daymond Langkow, Jaroslav Modry) at 18:43 (PP)
7. Flames , Brian Willsie 1 (Andrew Ference, Joe Nieuwendyk) at 19:14
8. Flames , Craig Conroy 1 (Alex Tanguay, Dion Phaneuf) at 19:47 (Empty Net)

Penalities :
Andrew Ference (CGY) for High sticking (Minor) at 0:35, Bill Guerin (CGY) for Fighting (Major) at 4:38, Jason Smith (EDM) for Fighting (Major) at 4:38, Jarret Stoll (EDM) for Interference (Minor) at 4:55, Fernando Pisani (EDM) for Cross-checking (Minor) at 10:28, Roman Hamrlik (CGY) for Holding (Minor) at 13:26, Ruslan Salei (EDM) for Boarding (Minor) at 18:19

Goalie Stats

Dwayne Roloson (EDM), 24 saves from 28 shots - (0.857), L, 1-1-0, 59:31 minutes
Miikka Kiprusoff (CGY), 34 saves from 37 shots - (0.919), W, 1-1-0, 60:00 minutes

Players Stats

Oilers
Player Name              G  A  P  +/- PIM S  H  SB FO MP 
-----------------------------------------------------------
Ales Hemsky              1  0  1   1  0   2  0  0  4  18 
Brendan Witt             0  1  1   0  0   0  2  0  0  24 
Daniel Alfredsson        0  0  0  -1  2   5  0  0  14 20 
Dick Tarnstrom           0  1  1   0  0   1  2  1  0  14 
Ethan Moreau             1  0  1   1  2   2  0  0  0  5  
Fernando Pisani          0  0  0   0  2   3  0  0  1  13 
Jarret Stoll             0  0  0  -2  2   3  1  0  16 20 
Jason Smith              0  1  1   1  5   0  1  0  0  22 
Keith Tkachuk            0  0  0  -1  2   1  0  0  2  19 
Marty Reasoner           0  1  1   1  0   0  0  0  10 6  
Mike Sillinger           1  0  1   0  0   8  1  0  0  14 
Nicklas Lidstrom         0  0  0   0  0   0  1  2  0  25 
Petr Sykora              0  0  0   1  0   4  0  0  12 15 
Ruslan Salei             0  0  0   0  2   0  0  0  0  24 
Ryan Johnson             0  0  0   0  0   1  1  0  18 13 
Ryan Smyth               0  1  1   0  0   5  0  0  12 23 
Shawn Horcoff            0  0  0   1  0   0  0  0  15 10 
Steve Staios             0  1  1  -1  4   2  0  2  0  17 
Flames
Player Name              G  A  P  +/- PIM S  H  SB FO MP 
-----------------------------------------------------------
Alex Tanguay             0  1  1   1  0   0  0  0  1  22 
Andrei Zyuzin            0  0  0  -1  0   1  1  2  0  14 
Andrew Ference           0  1  1  -1  6   0  1  1  0  17 
Bill Guerin              1  0  1  -1  9   4  0  0  0  12 
Brian Willsie            1  0  1  -1  2   1  1  1  1  13 
Chuck Kobasew            0  0  0   0  0   0  0  0  2  5  
Craig Conroy             1  1  2   2  0   6  0  0  28 20 
Daymond Langkow          1  1  2   0  0   1  1  0  29 23 
Dion Phaneuf             0  1  1   1  2   1  0  2  0  24 
Jarome Iginla            0  0  0   1  0   3  1  2  22 22 
Jaroslav Modry           0  1  1   0  0   1  0  2  0  24 
Joe Nieuwendyk           0  1  1  -1  2   3  0  0  14 15 
Jussi Jokinen            0  0  0  -1  0   1  0  0  1  13 
Kristian Huselius        0  0  0   0  0   0  0  0  0  5  
Matthew Lombardi         0  0  0   0  0   2  0  0  5  5  
Robyn Regehr             0  0  0   1  5   0  0  2  0  22 
Roman Hamrlik            1  2  3   0  2   3  5  0  0  22 
Tony Amonte              0  1  1  -1  0   2  1  0  1  12 

3 Stars

1 - Roman Hamrlik (CGY)
2 - Craig Conroy (CGY)
3 - Daymond Langkow (CGY)

Power Play

Oilers - 0 on 10 Attempt(s) - 0.00%
Flames - 2 on 8 Attempt(s) - 25.00%

Penalty Kill

Oilers - 6 on 8 Attempt(s) - 75.00% - Score 0 goal in Penalty Kill
Flames - 10 on 10 Attempt(s) - 100.00% - Score 0 goal in Penalty Kill

Game Notes

Bill Guerin and Jason Smith fight to a draw at 4:38 of 3rd period
Craig Conroy has scored in a empty net!

Finance

Level 1 -- Attendance: 6500 (100.00%) -- Ticket Income $585,000.00
Level 2 -- Attendance: 5322 (96.76%) -- Ticket Income $292,710.00
Level 3 -- Attendance: 2785 (100.00%) -- Ticket Income $83,550.00
Level 4 -- Attendance: 4000 (100.00%) -- Ticket Income $80,000.00
Luxury Box -- Attendance: 1250 (100.00%) -- Ticket Income $150,000.00
Game was played at the Pengrowth Saddledome
Total Attendance: 19857 (99.11%)
Total Ticket Income: $1,254,708.00
Other Income: $376,412.48
Total Income: $1,631,120.00


Play by Play

Period #1

0:01 of 1st period - Craig Conroy wins face-off versus Jarret Stoll in neutral zone.
0:11 of 1st period - Minor Penalty to Daniel Alfredsson for Elbowing.
0:12 of 1st period - Ryan Smyth wins face-off versus Daymond Langkow in Oilers zone.
0:43 of 1st period - Shot by Tony Amonte.
0:43 of 1st period - Stopped by Dwayne Roloson without a rebound.
0:44 of 1st period - Shawn Horcoff wins face-off versus Craig Conroy in Oilers zone.
0:54 of 1st period - Major Penalty to Robyn Regehr for Checking from behind.
0:55 of 1st period - Jarome Iginla wins face-off versus Keith Tkachuk in neutral zone.
1:28 of 1st period - Shot by Jarome Iginla.
1:28 of 1st period - Shot Misses the Net.
1:42 of 1st period - Minor Penalty to Andrew Ference for Interference.
1:43 of 1st period - Jarome Iginla wins face-off versus Shawn Horcoff in neutral zone.
3:04 of 1st period - Shot by Daniel Alfredsson.
3:04 of 1st period - Stopped by Miikka Kiprusoff with a rebound.
3:41 of 1st period - Shot by Ryan Smyth.
3:41 of 1st period - Shot Misses the Net.
3:42 of 1st period - Shot by Marty Reasoner.
3:42 of 1st period - Shot Blocked by Jarome Iginla.
3:45 of 1st period - Shot by Petr Sykora.
3:45 of 1st period - Deflect By Ryan Smyth.
3:45 of 1st period - Stopped by Miikka Kiprusoff without a rebound.
3:46 of 1st period - Jarome Iginla wins face-off versus Petr Sykora in Flames zone.
3:58 of 1st period - Icing by Jason Smith.
3:59 of 1st period - Craig Conroy wins face-off versus Ales Hemsky in Oilers zone.
4:44 of 1st period - Shot by Shawn Horcoff.
4:44 of 1st period - Shot Misses the Net.
6:05 of 1st period - Shot by Fernando Pisani.
6:05 of 1st period - Stopped by Miikka Kiprusoff without a rebound.
6:06 of 1st period - Ryan Johnson wins face-off versus Daymond Langkow in Flames zone.
6:07 of 1st period - Shot by Daniel Alfredsson.
6:07 of 1st period - Stopped by Miikka Kiprusoff without a rebound.
6:08 of 1st period - Ryan Johnson wins face-off versus Tony Amonte in Flames zone.
6:29 of 1st period - Shot by Mike Sillinger.
6:29 of 1st period - Stopped by Miikka Kiprusoff without a rebound.
6:30 of 1st period - Joe Nieuwendyk wins face-off versus Jarret Stoll in Flames zone.
6:44 of 1st period - Daniel Alfredsson is hit by Andrew Ference and loses puck.
6:45 of 1st period - Minor Penalty to Andrew Ference for Delaying the game.
6:46 of 1st period - Jarome Iginla wins face-off versus Petr Sykora in Flames zone.
6:57 of 1st period - Shot by Ales Hemsky.
6:57 of 1st period - Shot Blocked by Dion Phaneuf.
8:23 of 1st period - Icing by Ruslan Salei.
8:24 of 1st period - Petr Sykora wins face-off versus Jarome Iginla in Oilers zone.
8:36 of 1st period - Minor Penalty to Keith Tkachuk for Cross-checking.
8:37 of 1st period - Craig Conroy wins face-off versus Daniel Alfredsson in Flames zone.
9:03 of 1st period - Icing by Roman Hamrlik.
9:04 of 1st period - Joe Nieuwendyk wins face-off versus Daniel Alfredsson in Flames zone.
9:16 of 1st period - Minor Penalty to Steve Staios for Clipping.
9:17 of 1st period - Craig Conroy wins face-off versus Jarret Stoll in Oilers zone.
9:24 of 1st period - Shot by Craig Conroy.
9:24 of 1st period - Stopped by Dwayne Roloson with a rebound.
9:28 of 1st period - Craig Conroy is hit by Jason Smith and loses puck.
9:38 of 1st period - Shot by Craig Conroy.
9:38 of 1st period - Stopped by Dwayne Roloson without a rebound.
9:39 of 1st period - Daniel Alfredsson wins face-off versus Daymond Langkow in Oilers zone.
10:23 of 1st period - Icing by Dion Phaneuf.
10:24 of 1st period - Craig Conroy wins face-off versus Ryan Smyth in Flames zone.
11:44 of 1st period - Andrei Zyuzin is hit by Dick Tarnstrom and loses puck.
11:56 of 1st period - Shot by Mike Sillinger.
11:56 of 1st period - Shot Misses the Net.
12:21 of 1st period - Shot by Petr Sykora.
12:21 of 1st period - Shot Misses the Net.
12:22 of 1st period - Shot by Brendan Witt.
12:22 of 1st period - Shot Blocked by Andrew Ference.
12:23 of 1st period - Shot by Brendan Witt.
12:23 of 1st period - Deflect By Ethan Moreau.
12:23 of 1st period - Shot Misses the Net.
12:24 of 1st period - Shot by Nicklas Lidstrom.
12:24 of 1st period - Shot Blocked by Andrei Zyuzin.
12:29 of 1st period - Shot by Ethan Moreau.
12:29 of 1st period - Stopped by Miikka Kiprusoff without a rebound.
12:30 of 1st period - Shawn Horcoff wins face-off versus Daymond Langkow in Flames zone.
12:33 of 1st period - Shot by Ales Hemsky.
12:33 of 1st period - Stopped by Miikka Kiprusoff without a rebound.
12:34 of 1st period - Shawn Horcoff wins face-off versus Daymond Langkow in Flames zone.
13:02 of 1st period - Icing by Ruslan Salei.
13:03 of 1st period - Matthew Lombardi wins face-off versus Shawn Horcoff in Oilers zone.
13:08 of 1st period - Shot by Matthew Lombardi.
13:08 of 1st period - Stopped by Dwayne Roloson without a rebound.
13:09 of 1st period - Craig Conroy wins face-off versus Ryan Johnson in Oilers zone.
13:29 of 1st period - Off-side.
13:30 of 1st period - Daymond Langkow wins face-off versus Daniel Alfredsson in neutral zone.
13:38 of 1st period - Bill Guerin is hit by Jarret Stoll and loses puck.
13:52 of 1st period - Shot by Bill Guerin.
13:52 of 1st period - Deflect By Tony Amonte.
13:52 of 1st period - Shot Misses the Net.
13:53 of 1st period - Shot by Roman Hamrlik.
13:53 of 1st period - Stopped by Dwayne Roloson without a rebound.
13:54 of 1st period - Matthew Lombardi wins face-off versus Shawn Horcoff in Oilers zone.
13:57 of 1st period - Shot by Kristian Huselius.
13:57 of 1st period - Shot Hit the Post.
14:28 of 1st period - Shot by Ryan Smyth.
14:28 of 1st period - Shot Blocked by Dion Phaneuf.
14:31 of 1st period - Shot by Shawn Horcoff.
14:31 of 1st period - Shot Misses the Net.
14:34 of 1st period - Shot by Ryan Smyth.
14:34 of 1st period - Stopped by Miikka Kiprusoff with a rebound.
14:37 of 1st period - Shot by Shawn Horcoff.
14:37 of 1st period - Shot Blocked by Robyn Regehr.
14:45 of 1st period - Icing by Dion Phaneuf.
14:46 of 1st period - Jarret Stoll wins face-off versus Chuck Kobasew in Flames zone.
15:21 of 1st period - Shot by Keith Tkachuk.
15:21 of 1st period - Deflect By Daniel Alfredsson.
15:21 of 1st period - Shot Misses the Net.
15:24 of 1st period - Shot by Daniel Alfredsson.
15:24 of 1st period - Deflect By Keith Tkachuk.
15:24 of 1st period - Shot Misses the Net.
15:29 of 1st period - Shot by Jarret Stoll.
15:29 of 1st period - Shot Misses the Net.
16:06 of 1st period - Shot by Bill Guerin.
16:06 of 1st period - Deflect By Tony Amonte.
16:06 of 1st period - Shot Blocked by Steve Staios.
16:07 of 1st period - Shot by Bill Guerin.
16:07 of 1st period - Stopped by Dwayne Roloson with a rebound.
16:08 of 1st period - Shot by Jaroslav Modry.
16:08 of 1st period - Shot Misses the Net.
17:33 of 1st period - Shot by Bill Guerin.
17:33 of 1st period - Deflect By Tony Amonte.
17:33 of 1st period - Stopped by Dwayne Roloson with a rebound.
18:38 of 1st period - Shot by Jarret Stoll.
18:38 of 1st period - Deflect By Daniel Alfredsson.
18:38 of 1st period - Stopped by Miikka Kiprusoff without a rebound.
18:39 of 1st period - Craig Conroy wins face-off versus Marty Reasoner in Flames zone.
19:22 of 1st period - Shot by Bill Guerin.
19:22 of 1st period - Stopped by Dwayne Roloson with a rebound.
19:23 of 1st period - Shot by Jaroslav Modry.
19:23 of 1st period - Stopped by Dwayne Roloson without a rebound.
19:24 of 1st period - Ryan Johnson wins face-off versus Jussi Jokinen in Oilers zone.
19:51 of 1st period - Shot by Jussi Jokinen.
19:51 of 1st period - Deflect By Brian Willsie.
19:51 of 1st period - Shot Misses the Net.
19:53 of 1st period - Minor Penalty to Steve Staios for Hooking.
19:54 of 1st period - Ryan Smyth wins face-off versus Daymond Langkow in Oilers zone.

Period #2

0:01 of 2nd period - Craig Conroy wins face-off versus Daniel Alfredsson in neutral zone.
0:06 of 2nd period - Shot by Alex Tanguay.
0:06 of 2nd period - Shot Blocked by Nicklas Lidstrom.
0:07 of 2nd period - Shot by Jarome Iginla.
0:07 of 2nd period - Stopped by Dwayne Roloson without a rebound.
0:08 of 2nd period - Daymond Langkow wins face-off versus Ryan Smyth in Oilers zone.
0:33 of 2nd period - Shot by Tony Amonte.
0:33 of 2nd period - Shot Misses the Net.
0:34 of 2nd period - Shot by Tony Amonte.
0:34 of 2nd period - Shot Misses the Net.
0:37 of 2nd period - Shot by Bill Guerin.
0:37 of 2nd period - Shot Misses the Net.
0:38 of 2nd period - Shot by Jaroslav Modry.
0:38 of 2nd period - Shot Misses the Net.
2:12 of 2nd period - Off-side.
2:13 of 2nd period - Marty Reasoner wins face-off versus Daymond Langkow in neutral zone.
2:18 of 2nd period - Shot by Petr Sykora.
2:18 of 2nd period - Stopped by Miikka Kiprusoff without a rebound.
2:19 of 2nd period - Joe Nieuwendyk wins face-off versus Marty Reasoner in Flames zone.
2:39 of 2nd period - Minor Penalty to Brian Willsie for Tripping.
2:40 of 2nd period - Craig Conroy wins face-off versus Ales Hemsky in Flames zone.
2:52 of 2nd period - Petr Sykora is hit by Roman Hamrlik and loses puck.
3:17 of 2nd period - Petr Sykora is hit by Roman Hamrlik and loses puck.
3:19 of 2nd period - Shot by Petr Sykora.
3:19 of 2nd period - Stopped by Miikka Kiprusoff without a rebound.
3:20 of 2nd period - Jarret Stoll wins face-off versus Alex Tanguay in Flames zone.
3:49 of 2nd period - Shot by Daniel Alfredsson.
3:49 of 2nd period - Stopped by Miikka Kiprusoff without a rebound.
3:50 of 2nd period - Craig Conroy wins face-off versus Ales Hemsky in Flames zone.
4:11 of 2nd period - Shot by Petr Sykora.
4:11 of 2nd period - Shot Misses the Net.
4:50 of 2nd period - Shot by Mike Sillinger.
4:50 of 2nd period - Stopped by Miikka Kiprusoff with a rebound.
4:54 of 2nd period - Andrei Zyuzin is hit by Dick Tarnstrom and loses puck.
5:00 of 2nd period - Shot by Joe Nieuwendyk.
5:00 of 2nd period - Stopped by Dwayne Roloson without a rebound.
5:01 of 2nd period - Jarret Stoll wins face-off versus Daymond Langkow in Oilers zone.
5:01 of 2nd period - Minor Penalty to Bill Guerin for Holding.
5:02 of 2nd period - Jarret Stoll wins face-off versus Daymond Langkow in Oilers zone.
5:12 of 2nd period - Jarret Stoll is hit by Daymond Langkow and loses puck.
5:37 of 2nd period - Off-side.
5:38 of 2nd period - Petr Sykora wins face-off versus Jarome Iginla in neutral zone.
6:40 of 2nd period - Jarret Stoll is hit by Roman Hamrlik and loses puck.
7:14 of 2nd period - Shot by Mike Sillinger.
7:14 of 2nd period - Stopped by Miikka Kiprusoff without a rebound.
7:15 of 2nd period - Ryan Johnson wins face-off versus Joe Nieuwendyk in Flames zone.
7:22 of 2nd period - Shot by Fernando Pisani.
7:22 of 2nd period - Stopped by Miikka Kiprusoff without a rebound.
7:23 of 2nd period - Matthew Lombardi wins face-off versus Ryan Johnson in Flames zone.
7:30 of 2nd period - Shot by Matthew Lombardi.
7:30 of 2nd period - Stopped by Dwayne Roloson without a rebound.
7:31 of 2nd period - Joe Nieuwendyk wins face-off versus Marty Reasoner in Oilers zone.
7:35 of 2nd period - Icing by Petr Sykora.
7:36 of 2nd period - Marty Reasoner wins face-off versus Joe Nieuwendyk in Oilers zone.
8:30 of 2nd period - Minor Penalty to Joe Nieuwendyk for Interference.
8:31 of 2nd period - Petr Sykora wins face-off versus Jarome Iginla in Flames zone.
8:36 of 2nd period - Shot by Petr Sykora.
8:36 of 2nd period - Stopped by Miikka Kiprusoff without a rebound.
8:37 of 2nd period - Craig Conroy wins face-off versus Petr Sykora in Flames zone.
8:46 of 2nd period - Shot by Ales Hemsky.
8:46 of 2nd period - Shot Misses the Net.
9:11 of 2nd period - Shot by Ryan Smyth.
9:11 of 2nd period - Deflect By Ales Hemsky.
9:11 of 2nd period - Shot Misses the Net.
9:36 of 2nd period - Shot by Jarret Stoll.
9:36 of 2nd period - Shot Misses the Net.
9:39 of 2nd period - Shot by Daniel Alfredsson.
9:39 of 2nd period - Stopped by Miikka Kiprusoff without a rebound.
9:40 of 2nd period - Jarret Stoll wins face-off versus Jarome Iginla in Flames zone.
9:45 of 2nd period - Shot by Jarret Stoll.
9:45 of 2nd period - Shot Misses the Net.
9:46 of 2nd period - Shot by Keith Tkachuk.
9:46 of 2nd period - Stopped by Miikka Kiprusoff without a rebound.
9:47 of 2nd period - Jarret Stoll wins face-off versus Jarome Iginla in Flames zone.
10:21 of 2nd period - Minor Penalty to Dion Phaneuf for Delaying the game.
10:22 of 2nd period - Jarome Iginla wins face-off versus Shawn Horcoff in Flames zone.
11:38 of 2nd period - Off-side.
11:39 of 2nd period - Jarome Iginla wins face-off versus Ales Hemsky in neutral zone.
11:54 of 2nd period - Shot by Ryan Smyth.
11:54 of 2nd period - Stopped by Miikka Kiprusoff without a rebound.
11:55 of 2nd period - Petr Sykora wins face-off versus Jarome Iginla in Flames zone.
12:00 of 2nd period - Shot by Ryan Smyth.
12:00 of 2nd period - Shot Misses the Net.
12:08 of 2nd period - Icing by Ryan Smyth.
12:09 of 2nd period - Petr Sykora wins face-off versus Jarome Iginla in Oilers zone.
12:44 of 2nd period - Shot by Dick Tarnstrom.
12:44 of 2nd period - Stopped by Miikka Kiprusoff without a rebound.
12:45 of 2nd period - Daymond Langkow wins face-off versus Marty Reasoner in Flames zone.
12:51 of 2nd period - Minor Penalty to Ethan Moreau for Interference.
12:52 of 2nd period - Daniel Alfredsson wins face-off versus Daymond Langkow in neutral zone.
12:58 of 2nd period - Icing by Jaroslav Modry.
12:59 of 2nd period - Daniel Alfredsson wins face-off versus Daymond Langkow in Flames zone.
13:29 of 2nd period - Icing by Roman Hamrlik.
13:30 of 2nd period - Daymond Langkow wins face-off versus Ryan Smyth in Flames zone.
14:28 of 2nd period - Jarome Iginla is hit by Brendan Witt and loses puck.
15:02 of 2nd period - Shot by Mike Sillinger.
15:02 of 2nd period - Shot Misses the Net.
15:05 of 2nd period - Shot by Mike Sillinger.
15:05 of 2nd period - Shot Blocked by Andrei Zyuzin.
15:06 of 2nd period - Shot by Dick Tarnstrom.
15:06 of 2nd period - Shot Misses the Net.
15:07 of 2nd period - Shot by Dick Tarnstrom.
15:07 of 2nd period - Shot Blocked by Brian Willsie.
15:18 of 2nd period - Shot by Mike Sillinger.
15:18 of 2nd period - Stopped by Miikka Kiprusoff with a rebound.
15:19 of 2nd period - Shot by Steve Staios.
15:19 of 2nd period - Shot Misses the Net.
15:20 of 2nd period - Shot by Ryan Johnson.
15:20 of 2nd period - Shot Misses the Net.
15:21 of 2nd period - Shot by Ryan Johnson.
15:21 of 2nd period - Stopped by Miikka Kiprusoff with a rebound.
15:22 of 2nd period - Shot by Dick Tarnstrom.
15:22 of 2nd period - Shot Misses the Net.
15:23 of 2nd period - Shot by Steve Staios.
15:23 of 2nd period - Shot Misses the Net.
15:26 of 2nd period - Shot by Mike Sillinger.
15:26 of 2nd period - Goal by Mike Sillinger - Oilers : 1 - Flames : 0.
15:27 of 2nd period - Daymond Langkow wins face-off versus Marty Reasoner in neutral zone.
15:27 of 2nd period - Tony Amonte is hit by Nicklas Lidstrom and loses puck.
15:44 of 2nd period - Off-side.
15:45 of 2nd period - Shawn Horcoff wins face-off versus Matthew Lombardi in neutral zone.
15:49 of 2nd period - Off-side.
15:50 of 2nd period - Shawn Horcoff wins face-off versus Matthew Lombardi in neutral zone.
16:48 of 2nd period - Icing by Steve Staios.
16:49 of 2nd period - Daymond Langkow wins face-off versus Ryan Johnson in Oilers zone.
17:02 of 2nd period - Shot by Fernando Pisani.
17:02 of 2nd period - Shot Misses the Net.
17:04 of 2nd period - Fernando Pisani is hit by Roman Hamrlik and loses puck.
17:06 of 2nd period - Shot by Steve Staios.
17:06 of 2nd period - Stopped by Miikka Kiprusoff with a rebound.
17:09 of 2nd period - Shot by Mike Sillinger.
17:09 of 2nd period - Stopped by Miikka Kiprusoff without a rebound.
17:10 of 2nd period - Joe Nieuwendyk wins face-off versus Jarret Stoll in Flames zone.
17:20 of 2nd period - Daniel Alfredsson is hit by Andrei Zyuzin and loses puck.
17:28 of 2nd period - Shot by Jarret Stoll.
17:28 of 2nd period - Stopped by Miikka Kiprusoff without a rebound.
17:29 of 2nd period - Marty Reasoner wins face-off versus Daymond Langkow in Flames zone.
17:32 of 2nd period - Shot by Marty Reasoner.
17:32 of 2nd period - Shot Blocked by Jaroslav Modry.
17:35 of 2nd period - Shot by Marty Reasoner.
17:35 of 2nd period - Deflect By Ethan Moreau.
17:35 of 2nd period - Goal by Ethan Moreau - Oilers : 2 - Flames : 0.
17:36 of 2nd period - Ryan Johnson wins face-off versus Craig Conroy in neutral zone.
17:56 of 2nd period - Icing by Steve Staios.
17:57 of 2nd period - Joe Nieuwendyk wins face-off versus Ryan Johnson in Oilers zone.
17:58 of 2nd period - Shot by Jussi Jokinen.
17:58 of 2nd period - Shot Blocked by Steve Staios.
18:02 of 2nd period - Icing by Dick Tarnstrom.
18:03 of 2nd period - Ryan Johnson wins face-off versus Daymond Langkow in Oilers zone.
18:07 of 2nd period - Steve Staios is hit by Tony Amonte and loses puck.
18:10 of 2nd period - Icing by Mike Sillinger.
18:11 of 2nd period - Joe Nieuwendyk wins face-off versus Ryan Johnson in Oilers zone.
18:20 of 2nd period - Shot by Joe Nieuwendyk.
18:20 of 2nd period - Stopped by Dwayne Roloson without a rebound.
18:21 of 2nd period - Jarret Stoll wins face-off versus Daymond Langkow in Oilers zone.
18:35 of 2nd period - Minor Penalty to Bill Guerin for High sticking.
18:36 of 2nd period - Petr Sykora wins face-off versus Jarome Iginla in Flames zone.
19:10 of 2nd period - Icing by Ryan Smyth.
19:11 of 2nd period - Petr Sykora wins face-off versus Jarome Iginla in Oilers zone.
19:22 of 2nd period - Shot by Petr Sykora.
19:22 of 2nd period - Stopped by Miikka Kiprusoff without a rebound.
19:23 of 2nd period - Craig Conroy wins face-off versus Jarret Stoll in Flames zone.

Period #3

0:01 of 3rd period - Jarret Stoll wins face-off versus Jarome Iginla in neutral zone.
0:03 of 3rd period - Off-side.
0:04 of 3rd period - Jarome Iginla wins face-off versus Petr Sykora in neutral zone.
0:12 of 3rd period - Ales Hemsky is hit by Jarome Iginla and loses puck.
0:35 of 3rd period - Minor Penalty to Andrew Ference for High sticking.
0:36 of 3rd period - Jarret Stoll wins face-off versus Craig Conroy in Flames zone.
2:38 of 3rd period - Off-side.
2:39 of 3rd period - Joe Nieuwendyk wins face-off versus Ryan Johnson in neutral zone.
2:39 of 3rd period - Brian Willsie is hit by Ryan Johnson and loses puck.
4:17 of 3rd period - Shot by Robyn Regehr.
4:17 of 3rd period - Shot Misses the Net.
4:36 of 3rd period - Shot by Jarret Stoll.
4:36 of 3rd period - Stopped by Miikka Kiprusoff without a rebound.
4:37 of 3rd period - Shawn Horcoff wins face-off versus Daymond Langkow in Flames zone.
4:37 of 3rd period - Ales Hemsky is hit by Roman Hamrlik and loses puck.
4:38 of 3rd period - Bill Guerin and Jason Smith fight to a draw.
4:38 of 3rd period - Penalty to Bill Guerin for Fighting.
4:38 of 3rd period - Penalty to Jason Smith for Fighting.
4:39 of 3rd period - Craig Conroy wins face-off versus Ryan Smyth in Flames zone.
4:55 of 3rd period - Minor Penalty to Jarret Stoll for Interference.
4:56 of 3rd period - Keith Tkachuk wins face-off versus Jarome Iginla in neutral zone.
5:23 of 3rd period - Shot by Jarome Iginla.
5:23 of 3rd period - Stopped by Dwayne Roloson without a rebound.
5:24 of 3rd period - Craig Conroy wins face-off versus Daniel Alfredsson in Oilers zone.
5:25 of 3rd period - Shot by Roman Hamrlik.
5:25 of 3rd period - Stopped by Dwayne Roloson without a rebound.
5:26 of 3rd period - Craig Conroy wins face-off versus Daniel Alfredsson in Oilers zone.
6:41 of 3rd period - Shot by Jarome Iginla.
6:41 of 3rd period - Stopped by Dwayne Roloson without a rebound.
6:42 of 3rd period - Daniel Alfredsson wins face-off versus Jarome Iginla in Oilers zone.
7:23 of 3rd period - Shot by Jarret Stoll.
7:23 of 3rd period - Shot Blocked by Robyn Regehr.
7:26 of 3rd period - Shot by Jarret Stoll.
7:26 of 3rd period - Stopped by Miikka Kiprusoff with a rebound.
7:27 of 3rd period - Shot by Marty Reasoner.
7:27 of 3rd period - Shot Blocked by Jarome Iginla.
7:28 of 3rd period - Shot by Steve Staios.
7:28 of 3rd period - Stopped by Miikka Kiprusoff without a rebound.
7:29 of 3rd period - Daniel Alfredsson wins face-off versus Craig Conroy in Flames zone.
7:36 of 3rd period - Shot by Keith Tkachuk.
7:36 of 3rd period - Shot Misses the Net.
7:57 of 3rd period - Shot by Craig Conroy.
7:57 of 3rd period - Stopped by Dwayne Roloson with a rebound.
8:00 of 3rd period - Shot by Craig Conroy.
8:00 of 3rd period - Stopped by Dwayne Roloson without a rebound.
8:01 of 3rd period - Craig Conroy wins face-off versus Ryan Smyth in Oilers zone.
8:11 of 3rd period - Icing by Steve Staios.
8:12 of 3rd period - Ryan Smyth wins face-off versus Jarome Iginla in Oilers zone.
8:21 of 3rd period - Shot by Ryan Smyth.
8:21 of 3rd period - Stopped by Miikka Kiprusoff without a rebound.
8:22 of 3rd period - Ryan Smyth wins face-off versus Craig Conroy in Flames zone.
8:27 of 3rd period - Shot by Jarret Stoll.
8:27 of 3rd period - Shot Blocked by Jaroslav Modry.
8:31 of 3rd period - Off-side.
8:32 of 3rd period - Jarome Iginla wins face-off versus Daniel Alfredsson in neutral zone.
9:21 of 3rd period - Shot by Craig Conroy.
9:21 of 3rd period - Stopped by Dwayne Roloson with a rebound.
9:22 of 3rd period - Shot by Roman Hamrlik.
9:22 of 3rd period - Deflect By Daymond Langkow.
9:22 of 3rd period - Goal by Daymond Langkow - Oilers : 2 - Flames : 1.
9:23 of 3rd period - Craig Conroy wins face-off versus Ryan Smyth in neutral zone.
9:44 of 3rd period - Shot by Jussi Jokinen.
9:44 of 3rd period - Stopped by Dwayne Roloson without a rebound.
9:45 of 3rd period - Joe Nieuwendyk wins face-off versus Fernando Pisani in Oilers zone.
9:54 of 3rd period - Shot by Mike Sillinger.
9:54 of 3rd period - Stopped by Miikka Kiprusoff without a rebound.
9:55 of 3rd period - Joe Nieuwendyk wins face-off versus Shawn Horcoff in Flames zone.
10:04 of 3rd period - Shot by Ryan Smyth.
10:04 of 3rd period - Shot Misses the Net.
10:07 of 3rd period - Shot by Ales Hemsky.
10:07 of 3rd period - Goal by Ales Hemsky - Oilers : 3 - Flames : 1.
10:08 of 3rd period - Daymond Langkow wins face-off versus Ryan Johnson in neutral zone.
10:28 of 3rd period - Minor Penalty to Fernando Pisani for Cross-checking.
10:29 of 3rd period - Ryan Smyth wins face-off versus Craig Conroy in neutral zone.
10:35 of 3rd period - Icing by Alex Tanguay.
10:36 of 3rd period - Ryan Smyth wins face-off versus Craig Conroy in Flames zone.
10:57 of 3rd period - Shot by Jarome Iginla.
10:57 of 3rd period - Shot Misses the Net.
10:58 of 3rd period - Shot by Dion Phaneuf.
10:58 of 3rd period - Stopped by Dwayne Roloson without a rebound.
10:59 of 3rd period - Daymond Langkow wins face-off versus Daniel Alfredsson in Oilers zone.
11:06 of 3rd period - Shot by Bill Guerin.
11:06 of 3rd period - Goal by Bill Guerin - Oilers : 3 - Flames : 2.
11:07 of 3rd period - Joe Nieuwendyk wins face-off versus Ryan Johnson in neutral zone.
11:21 of 3rd period - Dick Tarnstrom is hit by Brian Willsie and loses puck.
11:43 of 3rd period - Shot by Fernando Pisani.
11:43 of 3rd period - Deflect By Mike Sillinger.
11:43 of 3rd period - Stopped by Miikka Kiprusoff with a rebound.
12:08 of 3rd period - Shot by Shawn Horcoff.
12:08 of 3rd period - Deflect By Ryan Smyth.
12:08 of 3rd period - Stopped by Miikka Kiprusoff with a rebound.
12:38 of 3rd period - Icing by Jason Smith.
12:39 of 3rd period - Shawn Horcoff wins face-off versus Craig Conroy in Oilers zone.
12:43 of 3rd period - Icing by Ales Hemsky.
12:44 of 3rd period - Shawn Horcoff wins face-off versus Daymond Langkow in Oilers zone.
13:26 of 3rd period - Minor Penalty to Roman Hamrlik for Holding.
13:27 of 3rd period - Jarome Iginla wins face-off versus Petr Sykora in Flames zone.
14:11 of 3rd period - Off-side.
14:12 of 3rd period - Jarret Stoll wins face-off versus Craig Conroy in neutral zone.
15:43 of 3rd period - Shot by Fernando Pisani.
15:43 of 3rd period - Stopped by Miikka Kiprusoff without a rebound.
15:44 of 3rd period - Ryan Johnson wins face-off versus Chuck Kobasew in Flames zone.
16:02 of 3rd period - Icing by Steve Staios.
16:03 of 3rd period - Ryan Johnson wins face-off versus Daymond Langkow in Oilers zone.
16:25 of 3rd period - Daymond Langkow is hit by Mike Sillinger and loses puck.
16:33 of 3rd period - Shot by Bill Guerin.
16:33 of 3rd period - Stopped by Dwayne Roloson without a rebound.
16:34 of 3rd period - Joe Nieuwendyk wins face-off versus Marty Reasoner in Oilers zone.
17:09 of 3rd period - Shot by Jussi Jokinen.
17:09 of 3rd period - Shot Misses the Net.
17:10 of 3rd period - Shot by Andrei Zyuzin.
17:10 of 3rd period - Stopped by Dwayne Roloson without a rebound.
17:11 of 3rd period - Craig Conroy wins face-off versus Shawn Horcoff in Oilers zone.
17:50 of 3rd period - Shot by Jarome Iginla.
17:50 of 3rd period - Shot Misses the Net.
18:14 of 3rd period - Icing by Ruslan Salei.
18:15 of 3rd period - Daymond Langkow wins face-off versus Shawn Horcoff in Oilers zone.
18:19 of 3rd period - Minor Penalty to Ruslan Salei for Boarding.
18:20 of 3rd period - Daymond Langkow wins face-off versus Daniel Alfredsson in Oilers zone.
18:20 of 3rd period - Bill Guerin is hit by Brendan Witt and loses puck.
18:42 of 3rd period - Shot by Daymond Langkow.
18:42 of 3rd period - Shot Blocked by Nicklas Lidstrom.
18:43 of 3rd period - Shot by Roman Hamrlik.
18:43 of 3rd period - Goal by Roman Hamrlik - Oilers : 3 - Flames : 3.
18:44 of 3rd period - Ryan Johnson wins face-off versus Brian Willsie in neutral zone.
19:03 of 3rd period - Shot by Jussi Jokinen.
19:03 of 3rd period - Shot Blocked by Dick Tarnstrom.
19:06 of 3rd period - Shot by Jussi Jokinen.
19:06 of 3rd period - Shot Misses the Net.
19:11 of 3rd period - Shot by Jussi Jokinen.
19:11 of 3rd period - Deflect By Joe Nieuwendyk.
19:11 of 3rd period - Stopped by Dwayne Roloson with a rebound.
19:14 of 3rd period - Shot by Brian Willsie.
19:14 of 3rd period - Goal by Brian Willsie - Oilers : 3 - Flames : 4.
19:15 of 3rd period - Marty Reasoner wins face-off versus Daymond Langkow in neutral zone.
19:18 of 3rd period - Oilers, Dwayne Roloson is pulled from the net.
19:25 of 3rd period - Off-side.
19:26 of 3rd period - Jarret Stoll wins face-off versus Craig Conroy in neutral zone.
19:47 of 3rd period - Shot by Craig Conroy.
19:47 of 3rd period - Goal by Craig Conroy - Oilers : 3 - Flames : 5.
19:47 of 3rd period - Dwayne Roloson from Oilers was sent back in the game.
19:48 of 3rd period - Ryan Johnson wins face-off versus Daymond Langkow in neutral zone.


Output by the SimonT Hockey Simulator (STHS) for Stephane Roy -- Original Page W3C XHTML 1.0 Valid